 Dungeon Crawl Stone Soup version 0.20.2-3-g29329e0561 (webtiles) character file.

3110 Alfie the Slicer (level 9, 0/79 HPs)
             Began as a Hill Orc Fighter on Dec 14, 2023.
             Slain by Prince Ribbit (14 damage)
             ... on level 7 of the Dungeon.
             The game lasted 00:20:15 (6092 turns).

Alfie the Slicer (Hill Orc Fighter)                 Turns: 6092, Time: 00:20:16

Health: 0/79       AC: 11    Str: 22    XL:     9   Next: 91%
Magic:  10/10      EV:  9    Int:  8    God:
Gold:   245        SH: 11    Dex: 10    Spells: 8/8 levels left

rFire    . . .     SeeInvis .   a - +2 rapier
rCold    . . .     Gourm    .   c - +0 shield
rNeg     . . .     Faith    .   b - +0 scale mail
rPois    .         Spirit   .   o - +0 helmet
rElec    .         Reflect  .   f - +0 cloak {+Inv}
rCorr    .         Harm     .   (no gloves)
MR       +....                  y - +0 pair of boots
Stlth    ..........             (no amulet)
Regen    0.3/turn               s - ring of protection from magic
MPRegen  0.2/turn               (no ring)

@: no status effects
A: no striking features
a: Evoke Invisibility


You were on level 7 of the Dungeon.
You were not hungry.

You visited 1 branch of the dungeon, and saw 7 of its levels.
You also visited: Sewer and Ossuary.

You collected 315 gold pieces.
You spent 70 gold pieces at shops.

Inventory:

Hand Weapons
 a - a +2 rapier (weapon)
 k - a +0 whip of freezing
Armour
 b - a +0 scale mail (worn)
 c - a +0 shield (worn)
 f - a +0 cloak of invisibility (worn)
 o - a +0 helmet (worn)
 y - a +0 pair of boots (worn)
Jewellery
 e - an uncursed ring of stealth
 i - an uncursed ring of fire
 p - a +4 ring of evasion {unknown}
 s - a ring of protection from magic (left hand)
 w - an uncursed ring of resist corrosion
 B - an uncursed ring of positive energy {unknown}
Wands
 A - a wand of flame (37/48)
Scrolls
 m - 3 scrolls of amnesia
 n - a scroll of torment {unknown}
 t - a scroll of remove curse
Potions
 j - 5 potions of curing
 l - 2 potions of agility {unknown}
 q - a potion of might
 v - a potion of invisibility {unknown}
 x - 4 potions of flight
 z - a potion of ambrosia {unknown}
Books
 h - a book of Conjurations

   Spells                             Type                      Level
   a - Magic Dart                     Conjuration                  1
   b - Searing Ray                    Conjuration                  2
   c - Dazzling Spray                 Conjuration/Hexes            3
   d - Fulminant Prism                Conjuration/Hexes            4
   e - Force Lance                    Conjuration/Translocation    4
   f - Iskenderun's Mystic Blast      Conjuration                  4
 u - a book of Maledictions

   Spells                             Type                      Level
   a - Corona                         Hexes                        1
   b - Ensorcelled Hibernation        Hexes/Ice                    2
   c - Confuse                        Hexes                        3
   d - Tukima's Dance                 Hexes                        3
   e - Dazzling Spray                 Conjuration/Hexes            3
Comestibles
 d - 2 bread rations
 g - 6 meat rations
 r - a royal jelly


   Skills:
 + Level 7.0 Fighting
 + Level 8.3 Short Blades
 + Level 6.9 Armour
 + Level 3.3 Dodging
 + Level 1.2 Stealth
 + Level 7.3 Shields
 + Level 1.4 Evocations


You had 8 spell levels left.
You didn't know any spells.

Dungeon Overview and Level Annotations

Branches:
Dungeon (7/15)             Temple (0/1) D:5

Altars:

Shops:
D:5 *

Annotations:
D:7 Prince Ribbit


Message History

Prince Ribbit blinks!
Found a stone staircase leading down.
Prince Ribbit closely misses you.
You see here a potion of curing.
j - 6 potions of curing (gained 1)
You block Prince Ribbit's attack. x2
You feel better.
Prince Ribbit blinks!
Prince Ribbit blinks!
You closely miss Prince Ribbit.
Prince Ribbit is heavily wounded.
Prince Ribbit closely misses you.
You hit Prince Ribbit.
Prince Ribbit is heavily wounded.
Prince Ribbit hits you!
* * * LOW HITPOINT WARNING * * *
Prince Ribbit barely misses you.
You puncture Prince Ribbit!
Prince Ribbit is severely wounded.
Prince Ribbit hits you!
You die...

........# #..# ........#
##..## .....#.##
#######..# ...>#..#
##>.....#.## #####.##
#..........## ####..#
##...........# #.....#
##............## ......#
#..............## ......#
##.....@F........##
####..#
##.................# #
#..#
#..................##
##.#
#...................#####
#.#
#.................#..§...
#.#
#................#..#####
#.# #................#†##
#.# ##.........>....#..#
#.# #.............##.##


You could see Prince Ribbit.

Vanquished Creatures
  The ghost of Alfie the Cutter, a novice HOFi (D:6)
  Pikel (D:7)
  Grinder (D:5)
  The ghost of Alfie the Shield-Bearer, an amateur HOFi (D:3)
  2 ogres
  A centaur (D:6)
  Blork the orc (D:5)
  An elf zombie (Ossuary)
  A bullfrog (D:7)
  3 scorpions
  3 crimson imps
  3 centaur zombies
  2 human zombies (Ossuary)
  A jelly (D:6)
  Crazy Yiuf (D:3)
  A bullfrog skeleton (D:7)
  2 hounds
  Jessica (D:2)
  Terence (D:2)
  3 iguanas
  5 orc wizards
  2 worker ants
  2 big kobold zombies (Ossuary)
  2 hound zombies
  3 hound skeletons
  2 mummies (Ossuary)
  7 gnolls (D:6)
  8 adders
  A shadow imp (D:7)
  An ooze (D:3)
  3 adder zombies (Ossuary)
  A worm (D:3)
  5 dart slugs
  8 leopard geckos
  23 orcs
  5 ball pythons
  6 bats
  11 giant cockroaches
  7 goblins
  7 hobgoblins
  6 jackals
  8 kobolds
  6 frilled lizards
  8 hobgoblin zombies (Ossuary)
  A jackal zombie (Ossuary)
  9 kobold zombies (Ossuary)
  7 orc zombies (Ossuary)
  6 rats
  2 rat zombies (Ossuary)
193 creatures vanquished.

Notes
Turn   | Place    | Note
-------+----------+-------------------------------------------
     0 | D:1      | Alfie the Hill Orc Fighter began the quest for the Orb.
     0 | D:1      | Reached XP level 1. HP: 19/19 MP: 1/1
    93 | D:1      | Reached XP level 2. HP: 22/27 MP: 2/2
   790 | D:2      | Noticed Jessica
   798 | D:2      | Reached XP level 3. HP: 31/33 MP: 3/3
   800 | D:2      | Killed Jessica
   860 | D:2      | Reached XP level 4. HP: 40/40 MP: 4/4
   925 | D:2      | Noticed Terence
   943 | D:2      | Killed Terence
  1559 | D:2      | Reached skill level 3 in Short Blades
  1663 | D:3      | Reached XP level 5. HP: 46/47 MP: 5/5
  1909 | D:3      | Found a glowing drain.
  1914 | Sewer    | Entered a sewer
  2103 | Sewer    | Reached skill level 1 in Dodging
  2644 | D:3      | Noticed Alfie's ghost (amateur HOFi)
  2655 | D:3      | Killed Alfie's ghost
  2655 | D:3      | Reached XP level 6. HP: 50/53 MP: 6/6
  2841 | D:3      | Found a runed door.
  2845 | D:3      | Noticed Crazy Yiuf
  2855 | D:3      | Killed Crazy Yiuf
  2855 | D:3      | Reached skill level 5 in Shields
  3117 | D:4      | Reached skill level 5 in Fighting
  3124 | D:4      | Reached skill level 4 in Short Blades
  3130 | D:4      | Reached XP level 7. HP: 52/61 MP: 7/7
  3521 | D:5      | Entered Level 5 of the Dungeon
  3596 | D:5      | Reached skill level 5 in Armour
  3756 | D:5      | Found Muud's Merry Market.
  3772 | D:5      | Bought a meat ration for 70 gold pieces
  3816 | D:5      | Noticed Blork the orc
  3835 | D:5      | Killed Blork the orc
  3835 | D:5      | Reached skill level 5 in Short Blades
  3835 | D:5      | Reached XP level 8. HP: 57/69 MP: 8/8
  3870 | D:5      | Found a staircase to the Ecumenical Temple.
  3883 | D:5      | Noticed Grinder
  3980 | D:5      | Paralysed by Grinder for 4 turns
  3991 | D:5      | Killed Grinder
  4340 | D:6      | Reached skill level 6 in Short Blades
  4438 | D:6      | Reached skill level 1 in Stealth
  4686 | D:6      | Noticed Alfie's ghost (novice HOFi)
  4708 | D:6      | Killed Alfie's ghost
  4708 | D:6      | Reached skill level 7 in Short Blades
  4708 | D:6      | Reached skill level 1 in Evocations
  4708 | D:6      | Reached XP level 9. HP: 62/77 MP: 9/9
  5407 | D:7      | Found a sand-covered staircase.
  5410 | D:7      | Noticed Prince Ribbit
  5419 | Ossuary  | Entered an ossuary
  5706 | Ossuary  | Reached skill level 8 in Short Blades
  5786 | D:7      | Noticed Pikel
  5818 | D:7      | Killed Pikel
  6092 | D:7      | Slain by Prince Ribbit

Skill      XL: |  1  2  3  4  5  6  7  8  9 |
---------------+----------------------------+-----
Fighting       | 4 5 6 7 |  7.0
Shields        | 4 5 6 7 |  7.3
Short Blades   | 3 4 5 7 8 |  8.3
Armour         | 4 5 6 |  6.9
Dodging        | 1 2 3 |  3.3
Stealth        | 1 |  1.2
Evocations     | 1 |  1.4

Action                   |  1- 3 |  4- 6 |  7- 9 || total
-------------------------+-------+-------+-------++-------
Melee: Rapier            |    75 |   322 |   541 ||   938
Evoke: Wand              |       |       |    11 ||    11
  Use: Potion            |       |     1 |     7 ||     8
       Scroll            |       |     6 |    12 ||    18
  Eat: Bread ration      |       |     2 |       ||     2
       Royal jelly       |       |     1 |     1 ||     2
       Fruit             |       |       |     3 ||     3
       Meat ration       |       |       |     1 ||     1
Armor: Scale mail        |    26 |   157 |   173 ||   356
Dodge: Dodged            |    15 |   125 |   159 ||   299
Block: Shield            |    44 |   199 |   235 ||   478
